 Dungeon Crawl Stone Soup version bcrawl-1.40.1 (webtiles) character file.

Game seed: 13107620270343087527

12252065 Artagas the Shatterer (level 27, 302/309 HPs)
             Began as an Ogre Archaeologist on Oct 23, 2023.
             Was a Follower of Uskayaw.
             Escaped with the Orb
             ... and 3 runes on Oct 26, 2023!
             The game lasted 03:57:04 (79861 turns).

Artagas the Shatterer (Ogre Archaeologist)         Turns: 79861, Time: 03:57:05

Health: 302/309    AC: 33    Str: 25    XL:     27
Magic:  46/46      EV: 14    Int: 16    God:    Uskayaw [*.....]
Gold:   7338       SH:  0    Dex:  8    Spells: 28/36 levels left

rFire    + . .     GDR:     29% H - +8 giant spiked club (flame)
rCold    + . .     SeeInvis .   (shield currently unavailable)
rNeg     . . .     Gourm    .   O - +9 storm dragon scales
rPois    .         Faith    +   y - +2 hat
rElec    +         Spirit   .   x - +1 cloak of Starlight {rElec rC+ EV+4 Stlth--}
rCorr    .         Reflect  .   (gloves unavailable)
MR       +++..                  (boots unavailable)
Stlth    ..........             A - amulet of Qeorchegy {Faith rF+ MP+9 Str-5 Stlth+}
HPRegen  0.61/turn              m - ring of protection from magic
MPRegen  0.30/turn              p - +5 ring of protection

@: studying Hexes
A: large, unfitting armour, mutation resistance 1, tough skin 1, subdued magic 1
0: Orb of Zot
}: 3/15 runes: decaying, barnacled, slimy
a: Stomp, Renounce Religion


You escaped.
You worshipped Uskayaw.
Uskayaw was greatly pleased with you.
You were full.

You visited 11 branches of the dungeon, and saw 46 of its levels.
You also visited: Sewer.

You collected 11301 gold pieces.
You spent 3963 gold pieces at shops.

Inventory:

Hand Weapons
 H - a +8 giant spiked club of flaming (weapon)
   (You took it off an ogre on level 4 of the Dungeon)
Missiles
 C - 1091 poisoned tomahawks
 D - 625 large rocks (quivered)
 L - 1032 javelins
 R - 14 throwing nets {=f}
Armour
 x - the +1 cloak of Starlight (worn) {rElec rC+ EV+4 Stlth--}
   (You found it on level 5 of the Pits of Slime)

   It affects your evasion (+4).
   It protects you from cold.
   It insulates you from electricity.
   It makes you much less stealthy.
 y - a +2 hat (worn)
   (You bought it in a shop on level 10 of the Dungeon)
 K - the +7 faerie dragon scales {rF+ rC+ rCorr Int-4 Stlth+}
   (You took it off the Enchantress on level 3 of the Spriggan Forest)

   It affects your intelligence (-4).
   It protects you from fire.
   It protects you from cold.
   It provides partial protection from all sources of acid and corrosion.
   It makes you more stealthy.
 O - +9 storm dragon scales (worn)
   (You found it on level 6 of the Lair of Beasts)
Jewellery
 c - an uncursed ring of protection from cold
   (You found it on level 3 of the Realm of Zot)
 f - an uncursed ring of protection from fire
   (You found it on level 7 of the Dungeon)
 i - an uncursed ring of see invisible
   (You found it on level 4 of the Lair of Beasts)
 k - an uncursed ring of resist corrosion
   (You found it on level 2 of the Lair of Beasts)
 m - a ring of protection from magic (left hand)
   (You found it on level 7 of the Dungeon)
 p - a +5 ring of protection (right hand)
   (You bought it in a shop in the Orcish Mines)
 A - the amulet of Qeorchegy (around neck) {Faith rF+ MP+9 Str-5 Stlth+}
   (You took it off a vampire knight on level 3 of the Depths)

   [amulet of faith]

   It allows you to gain divine favour quickly.
   It affects your strength (-5).
   It protects you from fire.
   It affects your magic capacity (+9).
   It makes you more stealthy.
 E - the cursed ring "Aleuz" {Fire *Drain rPois Str+5}
   (You found it on level 2 of the Realm of Zot)

   [ring of fire]

   It enhances your fire magic.
   It affects your strength (+5).
   It protects you from fire.
   It makes you vulnerable to cold.
   It protects you from poison.
   It causes draining when unequipped.
   It has a curse placed upon it.
 X - an uncursed ring of protection from magic
   (You found it on level 8 of the Dungeon)
Wands
 l - a wand of acid (21)
   (You found it on level 3 of the Lair of Beasts)
 r - a wand of paralysis (33)
   (You took it off Jorgrun on level 11 of the Dungeon)
 u - a wand of clouds (11)
   (You acquired it on level 1 of the Vaults)
 v - a wand of digging (13)
   (You took it off the Enchantress on level 3 of the Spriggan Forest)
 F - a wand of iceblast (14)
   (You found it on level 5 of the Dungeon)
 G - a wand of charming (28)
   (You took it off a vault guard on level 11 of the Dungeon)
 U - a wand of scattershot (8)
   (You found it on level 6 of the Lair of Beasts)
Scrolls
 a - 5 scrolls of immolation
 g - 2 scrolls of summoning
 h - 5 scrolls of fear
 t - 15 scrolls of teleportation
 z - 3 scrolls of blinking
 J - 5 scrolls of fog
 Z - 3 scrolls of silence
Potions
 d - 3 potions of might
 j - 10 potions of brilliance
 n - 4 potions of resistance
 o - 3 potions of invisibility
 q - 7 potions of curing
 s - 3 potions of agility
 w - a potion of heal wounds
 B - 4 potions of ambrosia
 M - 9 potions of flight
 N - 4 potions of berserk rage
 Q - 4 potions of lignification
 S - 11 potions of mutation
 T - 5 potions of magic
 W - 2 potions of cancellation
Miscellaneous
 b - a sack of spiders
   (You found it on level 1 of the Shoals)
 I - 4 boxes of beasts
 P - a phial of floods
   (You found it on level 6 of the Lair of Beasts)
 V - a lamp of fire
   (You found it on level 9 of the Dungeon)
 Y - a phantom mirror
Comestibles
 e - 75 rations {!d}


   Skills:
 - Level 24.0 Fighting
 - Level 24.0 Maces & Flails
 + Level 23.5 Throwing
 - Level 10.0 Armour
 - Level 10.0 Dodging
 - Level 2.4 Stealth
 - Level 5.0 Spellcasting
 - Level 6.0 Transmutations
 - Level 6.0 Earth Magic
 - Level 20.0 Invocations
 - Level 10.0 Evocations


You had 28 spell levels left.
You knew the following spells:

 Your Spells              Type           Power        Failure   Level  Hunger
a - Sticks to Snakes      Tmut           ###.....     4%          2    None
b - Blink                 Tloc           N/A          54%         2    None
c - Passwall              Tmut/Erth      ###.....     4%          2    None
d - Swiftness             Chrm/Air       #.......     54%         2    None

Your spell library contained the following spells:

 Spells                   Type           Power        Failure   Level  Hunger
 Beastly Appendage        Tmut           ###...       3%          1    None
 Sandblast                Erth           ###...       3%          1    None
 Petrify                  Tmut/Erth      ###.......   34%         4    #####..
 Spider Form              Tmut/Pois      ##.          36%         3    ###....
 Stone Arrow              Conj/Erth      ##....       36%         3    ###....
 Flame Tongue             Conj/Fire      #....        41%         1    None
 Magic Dart               Conj           #...         41%         1    None
 Slow                     Hex            #.......     41%         1    None
 Static Discharge         Air            #.....       41%         1    None
 Sting                    Conj/Pois      #...         41%         1    None
 Ignite Poison            Fire/Tmut/Pois #.......     50%         3    ###....
 Call Imp                 Summ           #.....       54%         2    None
 Ensorcelled Hibernation  Hex/Ice        #.....       54%         2    None
 Flaming Arrows           Chrm/Fire      #.......     54%         2    None
 Poisonous Vapours        Pois/Air       #.....       54%         2    None
 Searing Ray              Conj           #.......     54%         2    None
 Shock                    Conj/Air       #......      54%         2    None
 Blade Hands              Tmut           ###.......   71%         5    ######.
 Lee's Rapid Deconstruct  Erth           ###.......   71%         5    ######.
 Ice Form                 Ice/Tmut       ##......     78%         4    #####..
 Confuse                  Hex            #.......     80%         3    ###....
 Conjure Flame            Conj/Fire      #.......     80%         3    ###....
 Dazzling Orbs            Conj/Hex       #......      80%         3    ###....
 Inner Flame              Hex/Fire       N/A          80%         3    ###....
 Iskenderun's Mystic Bla  Conj           #.......     80%         3    ###....
 Mephitic Cloud           Conj/Pois/Air  #.......     80%         3    ###....
 Tukima's Dance           Hex            #.......     80%         3    ###....
 Irradiate                Conj/Tmut      ##........   98%         5    ######.
 Airstrike                Air            #.........   99%         4    #####..
 Cause Fear               Hex            #.........   99%         4    #####..
 Fulminant Prism          Conj/Hex       #.........   99%         4    #####..
 Lightning Bolt           Conj/Air       #.......     99%         4    #####..
 Olgreb's Toxic Radiance  Pois           #........    99%         4    #####..
 Sticky Flame             Conj/Fire      #.......     99%         4    #####..
 Summon Scorpions         Summ/Pois      #.......     99%         4    #####..
 Fireball                 Conj/Fire      #.........   100%        5    ######.
 Freezing Cloud           Ice/Air        #.......     100%        5    ######.
 Silence                  Hex/Air        #.........   100%        5    ######.
 Steam Barrier            Chrm/Fire      #.........   100%        5    ######.
 Venom Bolt               Conj/Pois      #.........   100%        5    ######.
 Deflect Missiles         Chrm/Air       #.........   100%        6    #######
 Tornado                  Tloc/Air       #.........   100%        8    #######


Dungeon Overview and Level Annotations

Branches:
Dungeon (12/12)            Temple (1/1) D:4            Lair (6/6) D:9
  Swamp (3/3) Lair:2       Shoals (3/3) Lair:4        Slime (5/5) Orc
    Orc (1/1) D:11         Vaults (2/3) D:11         Forest (3/3) Lair:6
  Crypt (0/2) Vaults:1     Depths (5/5) D:12            Zot (5/5) Depths:5

Altars:
Ashenzari
Cheibriados
Dithmenos
Elyvilon
Fedhas
Gozag
Hepliaklqana
Kikubaaqudgha
Lugonu
Makhleb
Nemelex Xobeh
Okawaru
Qazlal
Ru
Sif Muna
Trog
Uskayaw
Vehumet
Wu Jian
Xom
Yredelemnul
Zin
The Shining One
Beogh
Jiyva

Shops:
D:10 [   D:12 }?=   Orc =*[((   Shoals:1 (??*(   Vaults:1 [(*[   Vaults:2 (

Portals:
Hell: Depths:1 Depths:2 Depths:3 Depths:4 Depths:5
Abyss: Depths:3 Depths:4
Pandemonium: Depths:2 Depths:3 Depths:4 Depths:5
Ziggurat: Depths:5

Annotations:
Lair:2 1 runed translucent door, fifreuwaquouxo3460's ghost, journeyman TrMo
Swamp:2 1 runed translucent door, contendunt's ghost, adept MiFi
Shoals:1 2 transporters, pretsel's ghost, journeyman DsMA
Zot:1 2 transporters, Pongem's ghost, legendary MiAK


Innate Abilities, Weirdness & Mutations

You are too large for most types of armour.
You have tough skin. (AC +1)
You are somewhat resistant to further mutation.
Your spells are a little easier to cast, but a little less powerful.


Message History

Things that are here:
a +0 plate armour; a +0 great mace
Things that are here:
a +0 plate armour; a +3 battleaxe
There is a stone staircase leading up, spattered with blood here.
You see here a +0 mace.
You climb upwards.
There is a stone staircase leading down here.
There is a stone staircase leading up here.
You climb upwards.
There is a stone staircase leading down, spattered with blood here.
There is an open door here.
A hellion comes into view.
The hellion gives a hideous shriek!
The hellion gestures at you.
The sphere of hellfire explodes!
The damnation engulfs you!!
You fade into invisibility!
You are very lightly contaminated with residual magic.
Throwing (i - inventory. (/) - cycle)
D - 627 large rocks (quivered)
Press: ? - help, Shift-Dir - straight line, f - hellion
Aim: a hellion You throw a large rock.
The large rock hits the hellion!!!
You kill the hellion!
There is a stone staircase leading up here.
You start resting.
You flicker for a moment.
(D) Dungeon (T) Temple (L) Lair (S) Swamp (A) Shoals (M) Slime Pits (O) Orcish Mines (V) Vaults (F) Spriggan Forest (C) Crypt (U) Depths (H) Hell (Z) Zot
Where to? (Enter - D:1 @ (x,y), ? - help)
What level of the Dungeon? (default 1, ? - help)
You climb upwards.
There is a stone staircase leading down here.
You flicker back into view.
There is a stone staircase leading up here.
You climb upwards.
There is a stone staircase leading down here.
There is a stone staircase leading up here.
You climb upwards.
There is a stone staircase leading down here.
HP restored.
There is an open door here.
A red devil comes into view.
It is wielding a +2 demon trident of electrocution.
Throwing (i - inventory. (/) - cycle)
D - 626 large rocks (quivered)
Press: ? - help, Shift-Dir - straight line, f - red devil
Aim: a red devil, wielding a +2 demon trident of electrocution You throw a large rock.
The large rock hits the red devil but does no damage.
Your magical contamination has completely faded away.
The red devil hops backward while attacking.
The red devil barely misses you.
You puncture the red devil!
The red devil is moderately wounded.
The red devil hits you with a +2 demon trident of electrocution!
You pound the red devil like an anvil!!!
You kill the red devil!
(D) Dungeon (T) Temple (L) Lair (S) Swamp (A) Shoals (M) Slime Pits (O) Orcish Mines (V) Vaults (F) Spriggan Forest (C) Crypt (U) Depths (H) Hell (Z) Zot
Where to? (Enter - D:1 @ (x,y), ? - help)
There is a stone staircase leading up here.
You climb upwards.
There is a stone staircase leading down, spattered with blood here.
HP restored.
There is a stone staircase leading up here.
You climb upwards.
There is a stone staircase leading down here.
There is a stone staircase leading up, spattered with blood here.
You climb upwards.
There is a stone staircase leading down here.
There is a stone staircase leading up here.
You climb upwards.
There is a stone staircase leading down here.
Things that are here:
a +0 leather armour; a cursed ring of teleportation; a +0 whip
There is a stone staircase leading up here.
You climb upwards.
There is a stone staircase leading down here.
A sixfirhy, an orange demon and a cacodemon come into view.
The cacodemon shouts!
An orange demon comes into view.
Cast which spell? (? or * to list)
Aiming: Passwall (safe; 4% risk of failure)
Press: ? - help, Dir - move target cursor This square is covered in magical glow.
You begin to meditate on the wall.
You continue meditating on the barrier.
The sixfirhy barely misses you.
You continue meditating on the barrier.
The sixfirhy hits you! The sixfirhy shocks you. You resist.
The sixfirhy closely misses you. x3
You continue meditating on the barrier.
You finish merging with the rock.
You hear a grinding noise.
There is a staircase leading out of the dungeon here.
The sixfirhy barely misses you.
You hear a grinding noise.
The power of the Orb breaks the dimensional shunt like a soap bubble!
You have escaped!

#.....############.......#
#.##### #.....####
#.###############.###.....
#.##...........##.########
#.##..............34......
##.##...........##..2......
##..##....^......##...4.....
######...##...........##......>..
.......#..'.....@3....'..........
........###...........##.........
......#..##...........##.........
###########...........##.#.......
#### #...........##.#.......
#..####...........##.###.####
##...###############..##.#
###.######### ##.....#
#.........# #..###.##


You could see a sixfirhy.

Vanquished Creatures
  the Royal Jelly (Slime:5)
  3 orbs of fire
  2 pandemonium lords
  the Enchantress (Forest:3)
  3 golden dragons
  13 Killer Klowns
  Margery (Depths:3)
  3 curse toes
  A caustic shrike (Forest:3)
  4 rockslimes
  A pearl dragon (Depths:4)
  7 electric golems
  An Orb Demon (Zot:5)
  Rupert (Lair:5)
  Jorgrun (D:11)
  3 liches (Depths:2)
  11 tentacled monstrosities
  27 Orb Guardians
  3 wendigos
  21 acid blobs
  An Executioner (Zot:5)
  9 death cobs
  2 krakens (Shoals:2)
  2 sphinxes (Depths:3)
  4 shadow dragons
  2 tengu reavers (Depths:5)
  5 thorn hunters
  4 apis
  2 draconian monks (Zot:3)
  8 azure jellies
  7 frost giants
  3 daevas (Depths:4)
  14 storm dragons
  4 fire giants
  A greenwood witch (Forest:3)
  5 draconian knights
  4 vault wardens (Vaults:1)
  Louise (Swamp:1)
  3 angels (Depths:4)
  2 orc warlords
  5 draconian shifters
  3 ghost moths
  2 draconian stormcallers
  An emperor scorpion (Depths:2)
  6 draconian scorchers
  8 spriggan defenders
  3 eyes of devastation
  10 draconian annihilators
  2 elemental wellsprings
  7 green draconians
  22 stone giants
  10 very ugly things
  7 ironheart preservers (Vaults:1)
  15 black draconians
  3 vampire knights (Depths:3)
  A lorocyproca (Depths:2)
  9 purple draconians
  6 dire elephants
  6 red draconians
  19 spark wasps
  Snorg (Lair:4)
  6 yellow draconians
  2 deep elf death magi
  3 deep elf annihilators (Vaults:1)
  7 white draconians
  3 merfolk javelineers
  8 ettins
  10 fire dragons
  Azrael (Orc)
  11 merfolk impalers
  Urug (D:10)
  7 yaktaur captains
  Josephine (Lair:6)
  5 green deaths (Depths:2)
  9 vault guards
  A rakshasa (Depths:2)
  5 ice dragons
  The ghost of kosoiffoigrumme1174 the Comforter, a journeyman VSAE of Elyvilon (D:11)
  A hell beast (Zot:5)
  2 monstrous demonspawn
  3 merfolk avatars
  A ghost crab (Swamp:2)
  17 hydras
  13 spriggan air magi
  20 great orbs of eyes
  Erica (D:9)
  4 ogre magi
  A death knight (Vaults:2)
  3 shambling mangroves
  6 death oozes (Slime:5)
  9 merfolk aquamancers
  3 anacondas (Forest:1)
  11 satyrs
  A catoblepas (D:11)
  A catoblepas (shapeshifter) (Depths:3)
  4 alligator snapping turtles
  7 deep troll shamans
  2 tengu warriors (D:12)
  A dancing weapon (Vaults:1)
  14 two-headed ogres
  8 alligators
  20 death yaks
  3 deep troll earth magi
  18 sea snakes
  9 spriggan berserkers
  An ironheart beastmaster (Vaults:1)
  A vampire mage (Depths:3)
  27 spriggans
  A soul eater (Depths:2)
  3 orc high priests (Orc)
  16 deep trolls
  2 sun demons
  Nergalle (Lair:1)
  16 centaur warriors
  2 goliath frogs
  5 deep elf knights (Vaults:1)
  6 iron trolls
  2 sixfirhies (Zot:5)
  14 hell knights
  6 skeletal warriors (Vaults:1)
  A torturous demonspawn (Depths:2)
  6 spriggan druids
  4 wizards
  An unseen horror (D:12)
  A flayed ghost (Vaults:2)
  A swamp dragon (shapeshifter) (Vaults:2)
  7 swamp dragons
  6 cherubim (Depths:4)
  An orange crystal statue (Zot:5)
  3 glowing orange brains
  An obsidian statue (Zot:5)
  A phantasmal warrior (Vaults:2)
  2 deep elf archers (Vaults:1)
  3 wolf spiders
  A kraken simulacrum (Shoals:3)
  8 harpies
  6 cyclopes
  An ironheart convoker (Vaults:1)
  3 orc knights (Orc)
  A necromancer (Depths:3)
  A wolf spider zombie (D:12)
  6 orc sorcerers
  21 fauns
  16 ugly things
  A salamander (D:12)
  3 deep elf magi (Vaults:1)
  2 oklob plants (Lair:6)
  3 shining eyes
  10 manticores
  A fire giant skeleton (Vaults:1)
  10 will-o'-wisps
  9 merfolk sirens
  13 moths of wrath
  8 black mambas
  Joseph (D:8)
  9 water nymphs
  39 cane toads
  A smoke demon (Depths:2)
  An orange demon (Depths:1)
  8 vault sentinels
  A hellion (D:9)
  A gargoyle (D:11)
  2 jumping spiders (Depths:2)
  30 yaktaurs
  3 dryads
  An efreet (D:12)
  9 komodo dragons
  2 rime drakes (Lair:4)
  A tengu conjurer (D:12)
  A hellwing (Depths:2)
  5 freezing wraiths
  An eye of draining (D:10)
  An ice devil (Zot:5)
  A red devil (D:6)
  26 merfolk
  3 meliai (D:12)
  A wolf spider simulacrum (D:11)
  A polar bear (Lair:5)
  3 yaktaur skeletons (Vaults:1)
  10 trolls
  24 hornets
  13 tyrant leeches
  2 harpy skeletons (D:12)
  10 bog bodies
  77 slime creatures
  12 dream sheep
  12 hippogriffs
  6 snapping turtles
  A stone giant simulacrum (Vaults:2)
  20 blink frogs
  A shadow (D:12)
  4 wraiths
  18 yaks
  5 tarantellas (Depths:2)
  23 water elementals
  2 ettin skeletons (Vaults:1)
  4 fire bats
  2 wyverns
  A basilisk (shapeshifter) (Depths:3)
  A vampire (D:10)
  A human (D:8)
  2 basilisks
  A fire elemental (Orc)
  A steam dragon (Lair:6)
  4 hogs (D:8)
  A chaos spawn (Depths:1)
  15 vampire mosquitoes
  Menkaure (D:3)
  2 wargs (Orc)
  12 swamp worms
  13 crocodiles
  8 water moccasins
  Duvessa (D:5)
  4 hell hounds (Orc)
  3 floating eyes
  A soldier ant (shapeshifter) (Depths:4)
  35 orc warriors
  7 porcupines
  A hornet zombie (D:12)
  17 swamp drakes
  2 sky beasts
  A black bear (D:9)
  An ice beast (D:10)
  18 ogres
  2 necrophages (D:8)
  3 phantoms
  30 boggarts
  4 wolves (Lair:3)
  28 bullfrogs
  A kobold brigand (D:4)
  A water moccasin zombie (D:4)
  3 centaurs
  6 human skeletons (Vaults:1)
  Dowan (D:5)
  A wyvern skeleton (D:9)
  4 scorpions
  A water moccasin skeleton (D:4)
  A human simulacrum (Vaults:2)
  6 killer bees (D:9)
  A vampire bat (Lair:6)
  4 wights
  3 howler monkeys (D:10)
  4 electric eels
  32 orc priests
  2 bullfrog zombies
  4 crimson imps
  2 quasits
  7 hounds
  6 jellies
  A bullfrog skeleton (D:8)
  36 orc wizards
  Jessica (D:3)
  Natasha (thrice) (D:3)
  5 iguanas
  9 worker ants
  A killer bee zombie (D:6)
  A hound zombie (D:6)
  A worker ant zombie (D:5)
  11 gnolls
  9 adders
  A shadow imp (D:7)
  3 adder zombies
  3 adder skeletons
  3 worms
  A dart slug (D:3)
  7 leopard geckos
  66 orcs
  5 giant cockroaches
  7 hobgoblins
  12 jackals
  8 quokkas
  3 ball pythons
  11 bats
  8 frilled lizards
  9 kobolds
  5 rats
  42 plants
  7 tentacles
1854 creatures vanquished.

Vanquished Creatures (collateral kills)
  Grinder (D:4)
  A bullfrog (Sewer)
  An orc priest (D:7)
  An orc wizard (D:7)
  A frilled lizard (D:4)
5 creatures vanquished.

Vanquished Creatures (others)
  A fire giant (Depths:3)
  A hell knight (Vaults:1)
  A spriggan druid (Swamp:3)
  A moth of wrath (Zot:5)
  3 bushes
  25 fungi
  79 plants
  10 tentacles
121 creatures vanquished.

Grand Total: 1980 creatures vanquished

Notes
Turn   | Place    | Note
-------+----------+-------------------------------------------
     0 | D:1      | Artagas the Ogre Archaeologist began the quest for the Orb.
     0 | D:1      | Reached XP level 1. HP: 19/19 MP: 1/1
    87 | D:1      | Reached skill level 2 in Fighting
    89 | D:1      | Reached skill level 2 in Maces & Flails
    89 | D:1      | Reached XP level 2. HP: 28/28 MP: 2/2
   760 | D:2      | Reached XP level 3. HP: 35/36 MP: 3/3
   906 | D:2      | Reached skill level 3 in Fighting
  1125 | D:2      | Reached skill level 3 in Maces & Flails
  1443 | D:2      | Found a corrupted altar of Lugonu.
  1552 | D:3      | Reached XP level 4. HP: 31/45 MP: 4/4
  2021 | D:3      | Reached skill level 4 in Fighting
  2158 | D:3      | Noticed Natasha
  2188 | D:3      | Killed Natasha
  2188 | D:3      | Noticed Natasha
  2189 | D:3      | Reached skill level 4 in Maces & Flails
  2189 | D:3      | Reached XP level 5. HP: 49/55 MP: 5/5
  2189 | D:3      | Identified a scroll of acquirement
  2189 | D:3      | Identified the +1 fustibalus of Ikkezuceg {speed, rPois rC-
                  | rN+++ SInv} (You acquired it on level 3 of the Dungeon)
  2192 | D:3      | Killed Natasha
  2593 | D:3      | Noticed Jessica
  2603 | D:3      | Killed Jessica
  2604 | D:3      | Reached skill level 5 in Fighting
  2608 | D:3      | Learned a level 2 spell: Sticks to Snakes
  2836 | D:3      | Found an ornate altar of the Wu Jian Council.
  3161 | D:4      | Noticed a phantom
  3171 | D:4      | Reached skill level 1 in Spellcasting
  3171 | D:4      | Reached skill level 1 in Transmutations
  3171 | D:4      | Reached XP level 6. HP: 65/66 MP: 5/7
  3206 | D:4      | Reached skill level 5 in Maces & Flails
  3228 | D:4      | Killed a phantom
  3229 | D:4      | Reached skill level 2 in Spellcasting
  3229 | D:4      | Reached skill level 2 in Transmutations
  3347 | D:4      | Reached skill level 3 in Transmutations
  3347 | D:4      | Reached XP level 7. HP: 68/72 MP: 10/10
  3353 | D:4      | Reached skill level 1 in Throwing
  3386 | D:4      | Reached skill level 2 in Throwing
  3402 | D:4      | Noticed Menkaure
  3731 | D:3      | Noticed Natasha
  3736 | D:3      | Killed Natasha
  3737 | D:3      | Reached skill level 6 in Fighting
  3799 | D:3      | Killed Menkaure
  3968 | D:3      | Reached skill level 7 in Fighting
  3968 | D:3      | Reached skill level 6 in Maces & Flails
  3968 | D:3      | Reached XP level 8. HP: 65/87 MP: 11/11
  4026 | D:4      | Found a staircase to the Ecumenical Temple.
  4044 | Temple   | Entered the Ecumenical Temple
  4137 | Temple   | Became a worshipper of Uskayaw the Reveler
  4196 | D:4      | Reached * piety under Uskayaw
  4199 | D:4      | Reached ** piety under Uskayaw
  4201 | D:4      | Reached *** piety under Uskayaw
  4209 | D:4      | Reached **** piety under Uskayaw
  4280 | D:4      | Reached skill level 3 in Throwing
  4758 | D:4      | Noticed Grinder
  4786 | D:4      | Paralysed by Grinder for 2 turns
  4788 | D:4      | Killed Grinder
  4789 | D:4      | Reached skill level 8 in Fighting
  4789 | D:4      | Reached skill level 7 in Maces & Flails
  4789 | D:4      | Reached skill level 4 in Throwing
  4789 | D:4      | Reached skill level 2 in Invocations
  5071 | D:5      | Entered Level 5 of the Dungeon
  5207 | D:5      | Reached skill level 3 in Invocations
  5313 | D:5      | Reached skill level 4 in Invocations
  5318 | D:5      | Reached XP level 9. HP: 92/96 MP: 12/12
  5371 | D:5      | Noticed Dowan
  5381 | D:5      | Noticed Duvessa
  5390 | D:5      | Killed Dowan
  5397 | D:5      | Killed Duvessa
  6253 | D:5      | Found the +3 sling "Punk" {acid, rCorr}
  6405 | D:5      | Found a shimmering blue altar of Sif Muna.
  6546 | D:6      | Reached skill level 9 in Fighting
  6546 | D:6      | Reached skill level 8 in Maces & Flails
  6603 | D:6      | Found a glowing drain.
  6614 | Sewer    | Entered a sewer
  7329 | D:6      | Reached skill level 1 in Evocations
  7998 | D:6      | Got a fading buckler
  8141 | D:7      | Reached skill level 2 in Evocations
  8356 | D:7      | Got a slimy mace
  8441 | D:7      | Reached skill level 10 in Fighting
  8441 | D:7      | Reached skill level 9 in Maces & Flails
  8731 | D:7      | Reached skill level 3 in Evocations
  9018 | D:7      | Reached skill level 5 in Invocations
  9018 | D:7      | Reached XP level 10. HP: 105/110 MP: 13/13
  9092 | D:7      | HP: 16/110 [something (6)]
  9379 | D:8      | Reached skill level 6 in Invocations
  9415 | D:8      | Noticed Joseph
  9574 | D:8      | Killed Joseph
  9575 | D:8      | Reached skill level 3 in Dodging
  9902 | D:8      | Identified the +7 mace of the Messenger {crush, *Rage rC+
                  | Str+3 Int+3} (You found it on level 7 of the Dungeon)
 10312 | D:8      | Reached ***** piety under Uskayaw
 10313 | D:8      | Reached skill level 4 in Dodging
 10323 | D:8      | Reached skill level 11 in Fighting
 10323 | D:8      | Reached skill level 10 in Maces & Flails
 10553 | D:8      | Reached skill level 5 in Throwing
 11291 | D:9      | Reached skill level 6 in Throwing
 11323 | D:9      | Found a staircase to the Lair.
 11353 | D:9      | Reached XP level 11. HP: 116/118 MP: 15/15
 11353 | D:9      | Reached ****** piety under Uskayaw
 11412 | D:9      | Noticed Erica
 11418 | D:9      | Killed Erica
 11419 | D:9      | Reached skill level 5 in Dodging
 12409 | Lair:1   | Entered Level 1 of the Lair of Beasts
 12420 | Lair:1   | Reached skill level 12 in Fighting
 12420 | Lair:1   | Reached skill level 11 in Maces & Flails
 12779 | Lair:1   | Reached skill level 6 in Dodging
 13001 | Lair:1   | Noticed Nergalle
 13011 | Lair:1   | Killed Nergalle
 14226 | Lair:2   | Reached skill level 7 in Throwing
 14309 | Lair:2   | HP: 15/124 [cane toad (20)]
 14762 | Lair:2   | Reached skill level 13 in Fighting
 14762 | Lair:2   | Reached skill level 12 in Maces & Flails
 14767 | Lair:2   | HP: 18/127 [poisoned by a black mamba]
 14988 | Lair:2   | Found a runed translucent door.
 14988 | Lair:2   | Noticed fifreuwaquouxo3460's ghost (journeyman TrMo)
 15341 | Lair:2   | Reached XP level 12. HP: 95/136 MP: 16/16
 15678 | Lair:2   | Found a staircase to the Swamp.
 17293 | Lair:3   | Noticed a six-headed hydra
 17584 | Lair:3   | Reached skill level 7 in Dodging
 18152 | Lair:3   | Killed a six-headed hydra
 18153 | Lair:3   | Reached skill level 14 in Fighting
 18153 | Lair:3   | Reached skill level 13 in Maces & Flails
 18331 | Lair:4   | HP: 13/139 [komodo dragon (21)]
 18794 | Lair:4   | Found a staircase to the Shoals.
 19177 | Lair:4   | Noticed Snorg
 19216 | Lair:4   | Killed Snorg
 19217 | Lair:4   | Reached skill level 8 in Throwing
 19876 | Lair:5   | Reached XP level 13. HP: 137/148 MP: 17/17
 19896 | Lair:5   | Reached skill level 15 in Fighting
 19915 | Lair:5   | Reached skill level 14 in Maces & Flails
 21207 | Lair:6   | Entered Level 6 of the Lair of Beasts
 21284 | Lair:6   | Reached skill level 15 in Maces & Flails
 21293 | Lair:6   | HP: 12/149 [spriggan rider/+0 spear (24)]
 21496 | Lair:6   | Noticed Josephine
 21576 | Lair:6   | Killed Josephine
 21732 | Lair:5   | Reached skill level 16 in Maces & Flails
 21907 | Lair:6   | Noticed Rupert
 21998 | Lair:5   | HP: 16/149 [cane toad (20)]
 22925 | Lair:5   | Killed Rupert
 23376 | Lair:6   | Reached skill level 17 in Maces & Flails
 23524 | Lair:4   | HP: 22/149 [poisoned by a cane toad]
 23530 | Lair:4   | HP: 21/149 [poisoned by a cane toad]
 23535 | Lair:4   | HP: 22/149 [poisoned by a cane toad]
 24025 | Lair:5   | Reached XP level 14. HP: 62/159 MP: 18/18
 24186 | Lair:6   | HP: 22/159 [blink frog (9)]
 24476 | D:10     | Entered Level 10 of the Dungeon
 24504 | D:10     | Noticed Urug
 24518 | D:10     | Reached skill level 18 in Maces & Flails
 24530 | D:10     | Killed Urug
 24954 | D:10     | Found Karaot's Armour Boutique.
 24959 | D:10     | Bought a +2 hat for 160 gold pieces
 25772 | D:11     | Noticed Jorgrun
 26136 | D:11     | Reached skill level 16 in Fighting
 26765 | D:11     | Reached skill level 19 in Maces & Flails
 26851 | D:11     | Found a gate to the Vaults.
 27138 | Lair:6   | Identified the +12 dagger of Tumult {pierce, *Corrode rPois
                  | rN++ Stlth+}
 27273 | Lair:6   | Reached skill level 1 in Armour
 27357 | Lair:6   | Reached skill level 8 in Dodging
 27470 | Lair:6   | Reached skill level 2 in Armour
 27485 | Lair:6   | Found a staircase to the Spriggan Forest.
 27922 | Lair:6   | Reached skill level 3 in Armour
 28053 | Lair:6   | Reached skill level 4 in Armour
 28312 | Lair:6   | Reached XP level 15. HP: 170/170 MP: 19/19
 29232 | D:11     | Reached skill level 5 in Armour
 29363 | D:11     | Paralysed by Jorgrun for 3 turns
 29979 | D:11     | Found a staircase to the Orcish Mines.
 29982 | D:11     | Found a roughly hewn altar of Beogh.
 30146 | D:11     | Reached skill level 6 in Armour
 30159 | D:11     | Killed Jorgrun
 30506 | D:11     | Found a runed translucent gate.
 30508 | D:11     | Noticed kosoiffoigrumme1174's ghost (journeyman VSAE)
 30509 | D:11     | Found a runed translucent gate.
 30510 | D:11     | Found a runed translucent gate.
 30600 | D:11     | Found an opulent altar of Gozag.
 30736 | D:11     | Killed kosoiffoigrumme1174's ghost
 30890 | Orc      | Entered the Orcish Mines
 30946 | Orc      | Found a staircase to the Slime Pits.
 30946 | Orc      | Found a viscous altar of Jiyva.
 31399 | Orc      | Found Jallos's Weapon Shoppe.
 31642 | Orc      | Noticed Azrael
 31654 | Orc      | Reached skill level 7 in Armour
 31664 | Orc      | Killed Azrael
 32174 | Orc      | Reached skill level 8 in Armour
 32859 | Orc      | Noticed an orc warlord
 32906 | Orc      | Killed an orc warlord
 33566 | Orc      | Found Keote's General Store.
 33567 | Orc      | Found Toinoim's Jewellery Shop.
 33569 | Orc      | Found Esyluor's Antique Armour Boutique.
 33569 | Orc      | Found Vabbaneh's Antique Weapon Boutique.
 33573 | Orc      | Bought a cloak for 126 gold pieces
 33589 | Orc      | Bought a scroll of fear for 70 gold pieces
 33590 | Orc      | Bought a +5 ring of protection for 914 gold pieces
 33593 | Orc      | Bought a book of Minor Magic for 280 gold pieces
 33596 | Orc      | Learned a level 2 spell: Blink
 33720 | D:12     | Entered Level 12 of the Dungeon
 33791 | D:12     | Found Dyulin's Gadget Boutique.
 33900 | D:12     | Bought a phantom mirror for 320 gold pieces
 33900 | D:12     | Bought a wand of iceblast (11) for 288 gold pieces
 33920 | D:12     | Found Gunosyu's Magic Scroll Shop.
 33932 | D:12     | Bought a scroll of enchant weapon for 75 gold pieces
 33932 | D:12     | Bought a scroll of teleportation for 30 gold pieces
 33932 | D:12     | Bought a scroll of teleportation for 30 gold pieces
 34184 | D:12     | Reached skill level 20 in Maces & Flails
 34641 | D:12     | Found a staircase to the Depths.
 34744 | D:12     | Reached XP level 16. HP: 170/179 MP: 20/20
 34892 | D:12     | Found Weroyx's Jewellery Emporium.
 35298 | Shoals:1 | Entered Level 1 of the Shoals
 35590 | Shoals:1 | Found Kilein's Magic Scroll Boutique.
 35599 | Shoals:1 | Bought a scroll of teleportation for 51 gold pieces
 35599 | Shoals:1 | Bought a scroll of teleportation for 51 gold pieces
 35599 | Shoals:1 | Bought a scroll of teleportation for 51 gold pieces
 35599 | Shoals:1 | Bought a scroll of teleportation for 51 gold pieces
 35599 | Shoals:1 | Bought a scroll of immolation for 59 gold pieces
 35599 | Shoals:1 | Bought a scroll of silence for 127 gold pieces
 35641 | Shoals:1 | Found Kocrykach's Magic Scroll Emporium.
 35873 | Shoals:1 | Bought a scroll of blinking for 112 gold pieces
 35873 | Shoals:1 | Bought a scroll of teleportation for 45 gold pieces
 35873 | Shoals:1 | Bought a scroll of enchant armour for 112 gold pieces
 35873 | Shoals:1 | Bought a scroll of enchant armour for 112 gold pieces
 35916 | Shoals:1 | Reached skill level 21 in Maces & Flails
 35939 | Shoals:1 | Found Ymojimpi's Antique Weapon Shop.
 36090 | Shoals:1 | Noticed pretsel's ghost (journeyman DsMA)
 36155 | Shoals:1 | Found Duguaf's Antique Weapon Shoppe.
 36157 | Shoals:1 | Found a transporter.
 36186 | Shoals:1 | Reached skill level 7 in Invocations
 36250 | Shoals:1 | Found a transporter.
 36463 | Shoals:1 | Found Gaquki Mash's General Store.
 36475 | Shoals:1 | Bought a scroll of enchant armour for 112 gold pieces
 36475 | Shoals:1 | Bought 2 potions of cancellation for 150 gold pieces
 36661 | Shoals:2 | Reached skill level 8 in Invocations
 36663 | Shoals:2 | Got a jewelled shortbow
 36665 | Shoals:2 | Identified the +5 shortbow of Fedhas's Reproof {venom, rF-
                  | MP+9 Int+9} (You found it on level 2 of the Shoals)
 36986 | Shoals:2 | Reached skill level 9 in Invocations
 37055 | Shoals:2 | Noticed a kraken
 37065 | Shoals:2 | Killed a kraken
 37190 | Shoals:2 | Reached skill level 10 in Invocations
 37361 | Shoals:2 | Reached skill level 11 in Invocations
 37770 | Shoals:2 | Noticed a kraken
 37775 | Shoals:2 | Killed a kraken
 37864 | Shoals:2 | Reached skill level 12 in Invocations
 38300 | Shoals:3 | Entered Level 3 of the Shoals
 38578 | Shoals:3 | Reached XP level 17. HP: 148/189 MP: 26/26
 39030 | Shoals:3 | Reached skill level 17 in Fighting
 39376 | Shoals:3 | HP: 20/191 [merfolk/poisoned tomahawk (15)]
 39381 | Shoals:3 | HP: 26/191 [poisoned by a merfolk]
 40637 | Shoals:3 | Reached skill level 22 in Maces & Flails
 40650 | Shoals:3 | Got a barnacled rune of Zot
 41059 | Vaults:1 | Entered Level 1 of the Vaults
 41063 | Vaults:1 | Found Lott's Antique Armour Shoppe.
 41070 | Vaults:1 | Bought a spiked cloak for 237 gold pieces
 41070 | Vaults:1 | Identified the -2 cloak of Mental Paralysis {rF++ Regen+
                  | Str-2 Int+9} (You bought it in a shop on level 1 of the
                  | Vaults)
 41138 | Vaults:1 | Reached skill level 9 in Throwing
 41145 | Vaults:1 | Reached skill level 18 in Fighting
 41184 | Vaults:1 | Reached skill level 10 in Throwing
 41346 | Vaults:1 | Identified the cursed +0 robe of Free Will {rPois Str+3
                  | Stlth+}
 41431 | Vaults:1 | Reached XP level 18. HP: 161/204 MP: 27/27
 41541 | Vaults:1 | Reached skill level 11 in Throwing
 41550 | Vaults:1 | Found a staircase to the Crypt.
 42085 | Vaults:1 | Noticed a tentacled monstrosity
 42089 | Vaults:1 | Reached skill level 23 in Maces & Flails
 42089 | Vaults:1 | Killed a tentacled monstrosity
 42818 | Vaults:1 | Identified the cursed +0 chain mail of a sewer {rPois
                  | Int+2}
 42845 | Vaults:1 | Found Gozag's Antique Weapon Boutique.
 42855 | Vaults:1 | Found an opulent altar of Gozag.
 42855 | Vaults:1 | Found Gozag's Antique Armour Shop.
 42865 | Vaults:1 | Found Gozag's Assorted Antiques.
 42875 | Vaults:1 | Reached skill level 24 in Maces & Flails
 43409 | Vaults:2 | Reached XP level 19. HP: 184/214 MP: 28/28
 43543 | Vaults:2 | Found Waeshral's Antique Weapon Boutique.
 44066 | Vaults:2 | Reached skill level 19 in Fighting
 44734 | Forest:1 | Entered Level 1 of the Spriggan Forest
 44806 | Forest:1 | Reached skill level 12 in Throwing
 45129 | Forest:1 | Found an ornate altar of the Wu Jian Council.
 45716 | Forest:1 | HP: 14/215 [spriggan druid/stone arrow (31)]
 45718 | Forest:1 | Reached skill level 13 in Throwing
 46363 | Forest:2 | Reached skill level 13 in Invocations
 46398 | Forest:2 | HP: 45/322 [spriggan air mage[a spriggan defender] (4)]
 46414 | Forest:2 | HP: 22/215 [elephant[a spriggan defender] (3)]
 47045 | Forest:2 | Reached skill level 14 in Invocations
 48718 | Forest:3 | Entered Level 3 of the Spriggan Forest
 49054 | Forest:3 | Reached XP level 20. HP: 215/226 MP: 30/30
 49121 | Forest:3 | Noticed a caustic shrike
 49124 | Forest:3 | Killed a caustic shrike
 49389 | Forest:3 | Reached skill level 9 in Dodging
 49532 | Forest:3 | Reached skill level 9 in Armour
 49552 | Forest:3 | Identified the +7 faerie dragon scales {rF+ rC+ rCorr Int-4
                  | Stlth+}
 49552 | Forest:3 | Noticed the Enchantress
 50294 | Depths:1 | Entered Level 1 of the Depths
 50458 | Depths:1 | Found a gateway to Hell.
 51211 | Depths:1 | Reached skill level 14 in Throwing
 51959 | Depths:2 | Reached skill level 10 in Dodging
 51983 | Depths:2 | Reached skill level 10 in Armour
 52032 | Depths:2 | Found a one-way gate leading to the halls of Pandemonium.
 52499 | Depths:2 | Reached skill level 20 in Fighting
 52857 | Depths:2 | Paralysed by a floating eye for 3 turns
 53456 | Depths:2 | Reached XP level 21. HP: 239/239 MP: 31/31
 53503 | Depths:2 | Identified the +1 ring mail of Eleasuri {rN++ Str+2}
 53588 | Depths:2 | Identified the cursed +0 short sword "Nowuq" {chaos, *Slow
                  | rElec rPois}
 53985 | Depths:2 | Reached skill level 21 in Fighting
 54156 | Depths:2 | Identified the cursed +1 war axe of Responsibility {speed,
                  | rElec Int+5 Stlth+}
 54801 | Depths:3 | Found a one-way gate to the infinite horrors of the Abyss.
 54950 | Depths:3 | Reached skill level 15 in Invocations
 54981 | Depths:3 | HP: 31/241 [stone giant (17)]
 55002 | Depths:3 | HP: 6/241 [stone giant/large rock (35)]
 55037 | Depths:3 | HP: 32/241 [fire giant/+0 great sword of flaming (6)]
 55056 | Depths:3 | HP: 35/241 [fire giant/+0 great sword of flaming (7)]
 55829 | Depths:3 | Reached skill level 16 in Invocations
 55868 | Depths:3 | Noticed a Killer Klown
 56029 | Depths:3 | Killed a Killer Klown
 56122 | Depths:3 | Identified the amulet of Qeorchegy {Faith rF+ MP+9 Str-5
                  | Stlth+}
 56123 | Depths:3 | Noticed Margery
 56133 | Depths:3 | Killed Margery
 56134 | Depths:3 | Reached skill level 22 in Fighting
 56334 | Depths:3 | Reached skill level 4 in Evocations
 56500 | Depths:3 | Reached XP level 22. HP: 254/254 MP: 34/34
 56727 | Depths:3 | Identified the +8 rapier of the Mind {pierce, MR++ Dex+5}
 57064 | Depths:3 | Reached skill level 5 in Evocations
 58219 | Depths:4 | Reached skill level 6 in Evocations
 58587 | Depths:4 | Reached skill level 23 in Fighting
 59006 | Depths:4 | Reached skill level 7 in Evocations
 59163 | Depths:4 | Found a glowing silver altar of Zin.
 59163 | Depths:4 | Noticed a pearl dragon
 59168 | Depths:4 | Killed a pearl dragon
 60045 | Slime:1  | Entered Level 1 of the Pits of Slime
 60869 | Slime:2  | Reached skill level 17 in Invocations
 61088 | Slime:5  | Entered Level 5 of the Pits of Slime
 61422 | Slime:5  | Noticed the Royal Jelly
 61428 | Slime:5  | Killed the Royal Jelly
 61429 | Slime:5  | Reached skill level 18 in Invocations
 61560 | Slime:5  | Reached XP level 23. HP: 237/269 MP: 36/36
 62100 | Slime:5  | Found the +1 cloak of Starlight {rElec rC+ EV+4 Stlth--}
 62105 | Slime:5  | Found the +6 lightning scales {run, rElec}
 62260 | Slime:5  | Identified the ring "Usme" {+Fly rF- rC+ Int+3}
 62263 | Slime:5  | Identified the +9 falchion of Sofiu {drain, +Fly Str+5}
 62287 | Slime:5  | Identified the +10 hand crossbow "Otses" {flame, rPois
                  | rC+++ MR- MP+9}
 62296 | Slime:5  | Got a slimy rune of Zot
 62617 | Swamp:1  | Entered Level 1 of the Swamp
 62746 | Swamp:1  | Noticed Louise
 62750 | Swamp:1  | Killed Louise
 63533 | Swamp:2  | Identified the +2 robe of Instinct {Int+3}
 63662 | Swamp:2  | Found a runed translucent door.
 63665 | Swamp:2  | Found a shimmering altar of Xom.
 63665 | Swamp:2  | Noticed contendunt's ghost (adept MiFi)
 63717 | Swamp:2  | Reached skill level 24 in Fighting
 64161 | Swamp:2  | Reached skill level 15 in Throwing
 64372 | Swamp:3  | Entered Level 3 of the Swamp
 64872 | Swamp:3  | Reached skill level 16 in Throwing
 64922 | Swamp:3  | Got a decaying rune of Zot
 65207 | Vaults:1 | Bought 2 scrolls of fog for 400 gold pieces
 65207 | Vaults:1 | Identified the amulet of Anarchy {Acrobat +Blink rC+ Int+3}
                  | (You acquired it on level 1 of the Vaults)
 65381 | Depths:5 | Entered Level 5 of the Depths
 66059 | Depths:5 | Reached skill level 17 in Throwing
 66249 | Depths:5 | Reached XP level 24. HP: 242/282 MP: 36/36
 66416 | Depths:5 | Found a gate to the Realm of Zot.
 66843 | Depths:5 | Found a gateway to a ziggurat.
 67871 | Forest:3 | Killed the Enchantress
 67872 | Forest:3 | Reached skill level 18 in Throwing
 68470 | Forest:3 | Identified the +3 spear "Wuosmu" {venom, Int+2}
 68567 | Forest:3 | Upgraded the game from bcrawl-1.40 to bcrawl-1.40.1
 68940 | Zot:1    | Entered Level 1 of the Realm of Zot
 68981 | Zot:1    | Noticed a golden dragon
 68988 | Zot:1    | Killed a golden dragon
 69018 | Zot:1    | Reached skill level 19 in Invocations
 69055 | Zot:1    | Learned a level 2 spell: Passwall
 69058 | Zot:1    | Learned a level 2 spell: Swiftness
 69210 | Zot:1    | Noticed Pongem's ghost (legendary MiAK)
 69214 | Zot:1    | Found a transporter.
 69300 | Zot:1    | Reached skill level 1 in Earth Magic
 69395 | Zot:1    | Found a transporter.
 69703 | Zot:1    | Reached skill level 3 in Spellcasting
 69737 | Zot:1    | Reached skill level 2 in Earth Magic
 69746 | Zot:1    | Reached skill level 4 in Transmutations
 69855 | Zot:1    | Reached skill level 4 in Spellcasting
 69862 | Zot:1    | Reached skill level 3 in Earth Magic
 70361 | Zot:2    | Noticed a golden dragon
 70366 | Zot:2    | Killed a golden dragon
 70367 | Zot:2    | Reached skill level 5 in Spellcasting
 70367 | Zot:2    | Reached skill level 5 in Transmutations
 70416 | Zot:2    | Noticed a golden dragon
 70423 | Zot:2    | Reached skill level 4 in Earth Magic
 70432 | Zot:2    | Killed a golden dragon
 70450 | Zot:2    | HP: 41/282 [poisoned by a golden dragon]
 70455 | Zot:2    | HP: 34/282 [poisoned by a golden dragon]
 70460 | Zot:2    | HP: 29/282 [poisoned by a golden dragon]
 70465 | Zot:2    | HP: 29/282 [poisoned by a golden dragon]
 70470 | Zot:2    | HP: 30/282 [poisoned by a golden dragon]
 70476 | Zot:2    | HP: 32/282 [poisoned by a golden dragon]
 70482 | Zot:2    | HP: 36/282 [poisoned by a golden dragon]
 70758 | Zot:2    | Noticed an orb of fire
 70759 | Zot:2    | Gained mutation: You are somewhat resistant to further
                  | mutation. [an orb of fire]
 70761 | Zot:2    | Gained mutation: Your spells are a little easier to cast,
                  | but a little less powerful. [an orb of fire]
 70767 | Zot:2    | Killed an orb of fire
 70768 | Zot:2    | Reached skill level 5 in Earth Magic
 70768 | Zot:2    | Reached XP level 25. HP: 274/289 MP: 36/36
 71143 | Zot:2    | Identified the cursed ring "Aleuz" {Fire *Drain rPois
                  | Str+5}
 71161 | Zot:2    | Identified the cursed ring "Ohoiqy" {Fire SInv}
 71721 | Zot:3    | Identified the cursed ring "Trusted Companion" {*Drain
                  | Dex+4 Stlth--}
 71739 | Zot:3    | Reached skill level 6 in Transmutations
 71739 | Zot:3    | Reached skill level 6 in Earth Magic
 71741 | Zot:3    | Reached skill level 20 in Invocations
 72014 | Zot:3    | Identified the +4 falchion of Glory {drain, rF++ SInv}
 72725 | Zot:4    | Noticed a Killer Klown
 72741 | Zot:4    | Killed a Killer Klown
 72742 | Zot:4    | Reached skill level 8 in Evocations
 72997 | Zot:4    | Reached skill level 9 in Evocations
 73260 | Zot:4    | Reached skill level 10 in Evocations
 74036 | Zot:5    | Entered Level 5 of the Realm of Zot
 74277 | Zot:5    | Identified the +8 short sword of Evolution {flame, rF-
                  | Dex+6 Stlth+}
 74293 | Zot:5    | Reached skill level 19 in Throwing
 74614 | Zot:5    | Noticed a Killer Klown
 74626 | Zot:5    | Killed a Killer Klown
 74691 | Zot:5    | Noticed an orb of fire
 74700 | Zot:5    | Killed an orb of fire
 74701 | Zot:5    | Reached XP level 26. HP: 160/300 MP: 37/37
 75074 | Zot:5    | Noticed a Killer Klown
 75080 | Zot:5    | Killed a Killer Klown
 75113 | Zot:5    | Reached skill level 20 in Throwing
 75257 | Zot:5    | Noticed a Killer Klown
 75261 | Zot:5    | Killed a Killer Klown
 75279 | Zot:5    | Noticed a Killer Klown
 75284 | Zot:5    | Killed a Killer Klown
 75489 | Zot:5    | Noticed a Killer Klown
 75496 | Zot:5    | Killed a Killer Klown
 75990 | Zot:5    | Noticed a Killer Klown
 75993 | Zot:5    | Noticed a Killer Klown
 75998 | Zot:5    | Killed a Killer Klown
 76001 | Zot:5    | Killed a Killer Klown
 76002 | Zot:5    | Reached skill level 21 in Throwing
 76270 | Zot:5    | Noticed a Killer Klown
 76276 | Zot:5    | Killed a Killer Klown
 76637 | Zot:5    | Noticed a Killer Klown
 76643 | Zot:5    | Noticed a Killer Klown
 76646 | Zot:5    | Killed a Killer Klown
 76650 | Zot:5    | Noticed an orb of fire
 76654 | Zot:5    | Killed a Killer Klown
 76662 | Zot:5    | Killed an orb of fire
 77350 | Zot:5    | Reached skill level 22 in Throwing
 77735 | Zot:5    | Noticed a Killer Klown
 77745 | Zot:5    | Killed a Killer Klown
 78962 | Zot:5    | Reached XP level 27. HP: 131/309 MP: 37/37
 79018 | Zot:5    | Reached skill level 23 in Throwing
 79264 | Zot:5    | Got the Orb of Zot
 79303 | Zot:5    | Noticed Liuniram the pandemonium lord
 79311 | Zot:5    | Killed Liuniram the pandemonium lord
 79540 | Depths:1 | Noticed Zoqauc the pandemonium lord
 79549 | Depths:1 | Killed Zoqauc the pandemonium lord
 79861 | D:$      | Escaped with the Orb!

Skill      XL: |  1  2  3  4  5  6  7  8  9 10 11 12 13 14 15 16 17 18 19 20 21 22 23 24 25 26 27 |
---------------+----------------------------------------------------------------------------------+-----
Fighting       | 2 3 4 5 7 8 10 11 13 14 15 16 18 19 20 22 23 24 | 24.0
Maces & Flails | 2 3 4 5 6 7 9 10 12 13 17 19 20 21 22 24 | 24.0
Spellcasting   | 1 2 5 |  5.0
Transmutations | 1 3 5 6 |  6.0
Throwing       | 2 4 6 7 8 10 11 13 14 17 18 19 22 23 | 23.5
Invocations    | 4 5 6 12 14 16 18 19 20 | 20.0
Evocations     | 3 4 7 10 | 10.0
Dodging        | 4 6 7 8 10 | 10.0
Armour         | 4 8 10 | 10.0
Earth Magic    | 5 6 |  6.0
Stealth        | |  2.4

Action                   |  1- 3 |  4- 6 |  7- 9 | 10-12 | 13-15 | 16-18 | 19-21 | 22-24 | 25-27 || total
-------------------------+-------+-------+-------+-------+-------+-------+-------+-------+-------++-------
Melee: Whip              |   130 |    65 |       |       |       |       |       |       |       ||   195
       Dagger            |     5 |       |       |       |       |       |       |       |       ||     5
       Flail             |       |    99 |   441 |    81 |       |       |       |       |       ||   621
       Mace              |       |       |       |   451 |    33 |       |       |       |       ||   484
       Giant spiked club |       |       |       |       |   640 |   548 |   674 |   543 |   267 ||  2672
 Fire: Blowgun           |     4 |       |       |       |     2 |       |       |       |       ||     6
       Hunting sling     |       |       |       |     6 |       |       |       |       |       ||     6
Throw: Stone             |     4 |       |       |       |       |       |       |       |       ||     4
       Large rock        |       |    10 |     6 |       |     8 |       |   101 |   566 |   327 ||  1018
       Tomahawk          |       |       |    29 |    97 |   248 |   255 |    39 |       |       ||   668
       Throwing net      |       |       |       |     1 |     1 |       |       |       |     1 ||     3
       Javelin           |       |       |       |       |    36 |    13 |   189 |    18 |       ||   256
 Cast: Sticks to Snakes  |       |     1 |     8 |     9 |    17 |       |       |       |       ||    35
       Passwall          |       |       |       |       |       |       |       |       |     1 ||     1
Invok: Stomp             |       |       |     4 |     2 |     2 |     5 |     1 |     5 |     1 ||    20
       Line Pass         |       |       |       |     1 |     4 |     4 |     2 |     4 |     3 ||    18
       Grand Finale      |       |       |       |       |       |     7 |     4 |     2 |     3 ||    16
 Abil: Lunge             |       |       |     1 |     9 |    25 |    43 |    24 |    18 |     3 ||   123
Evoke: Wand              |       |       |     3 |     3 |    18 |    58 |     7 |       |    12 ||   101
       Lamp of fire      |       |       |       |     1 |     2 |     2 |     3 |     1 |       ||     9
       Phial of floods   |       |       |       |       |     1 |     1 |     3 |       |       ||     5
       Sack of spiders   |       |       |       |       |       |       |     2 |       |       ||     2
       Box of beasts     |       |       |       |       |       |       |     1 |       |       ||     1
       Lightning rod     |       |       |       |       |       |       |       |     4 |       ||     4
  Use: Scroll            |     2 |     6 |    11 |    15 |    19 |     9 |    13 |     7 |     3 ||    85
       Potion            |       |       |     1 |     5 |     4 |     3 |    13 |     1 |     5 ||    32
 Stab: Sleeping          |     2 |     2 |     2 |     2 |     1 |       |       |       |       ||     9
       Invisible         |       |       |     1 |       |       |       |       |       |       ||     1
       Paralysed         |       |       |     1 |    12 |    22 |    52 |    52 |    47 |    25 ||   211
       Distracted        |       |       |       |       |     1 |       |     3 |       |     1 ||     5
       Held in net/web   |       |       |       |       |     1 |       |       |       |     2 ||     3
       Confused          |       |       |       |       |       |     1 |     1 |     2 |     3 ||     7
  Eat: Chunk             |     5 |     7 |    26 |    32 |    61 |    53 |    52 |    37 |     6 ||   279
       Ration            |       |     1 |     2 |     4 |     4 |       |     4 |    11 |    12 ||    38
Armor: Robe              |    62 |    56 |   184 |   121 |    71 |       |       |       |       ||   494
       Steam dragon scal |       |       |       |       |    14 |       |       |       |       ||    14
       Storm dragon scal |       |       |       |       |   152 |   360 |   356 |   245 |   170 ||  1283
       Swamp dragon scal |       |       |       |       |       |       |       |    48 |       ||    48
Dodge: Dodged            |    68 |    80 |   221 |   241 |   254 |   181 |   182 |   259 |   140 ||  1626

Levels and vault maps discovered:
D:1:      psy_arrival_statuary, layout_rooms
D:2:      layout_loops_ring, marbit_many_paths
D:3:      layout_loops_ring, nzn_wu_jian_council_hall, uniq_natasha,
          uniq_jessica
D:4:      layout_cave_pools, minmay_temple_entry_stoned_glass, first_ration,
          minmay_misc_feat_cross, minmay_manual_mail, uniq_menkaure,
          uniq_grinder
D:5:      layout_loops_corners, lemuel_blue_sif_altar, uniq_duvessa
D:6:      layout_gridville, cheibrodos_sewer_entry_drain,
          dreamdust_mushroom_princess
D:7:      layout_cave_pods
D:8:      layout_rooms, grunt_livestock, palyth_stone_intersect, uniq_joseph
D:9:      layout_roguey, minmay_lair_entry_grove, serial_co_window_serial,
          co_window_corner_a, co_window_paths_b, co_window_of_opportunity_a,
          co_window_paths_a, co_window_paths_b, co_window_of_opportunity_b,
          co_window_broadway_a, co_window_2corner, co_window_corner_ca,
          co_window_unsneaky_path_a, co_window_paths_d, glass_columns_b,
          glass_columns_b, uniq_erica
D:10:     layout_loops_ring, serial_shops, kennysheep_little_box, uniq_urug
D:11:     layout_rooms, minmay_orc_entry_temple_small, erik_vaults_2,
          ebering_ghost_rock_garden, gauntlet_entry_generic, lemuel_tele_altar,
          uniq_jorgrun
D:12:     hangedman_depths_entry_try_elsewhere_first, layout_cave_pods,
          wad_floor_pattern_untrapped, serial_shops, shop, shop_fountains, shop,
          hangedman_glass_teeth, serial_park_tiny_pond, small_statue_alley_a,
          grunt_decor_one_mirror
Temple:   nicolae_temple_the_god_donut
Lair:1:   layout_cave_pods, st_stairs_11, uniq_nergalle
Lair:2:   layout_layer_cave, nicolae_swamp_entry_splash_gauntlet,
          hellmonk_ghost_happy_afterlife
Lair:3:   layout_gridlike, grunt_megastairs_2
Lair:4:   layout_hall_layers, minmay_shoals_entry_beasts, uniq_snorg
Lair:5:   layout_regular_city, nicolae_lair_grove_arrangements,
          infiniplex_staircase_pool_2
Lair:6:   minmay_lair_end_frog_pond, layout_regular_city,
          grunt_forest_entry_clearing, nicolae_quartered_pool_little,
          roderic_batcave, minmay_lair_oklob_chamber, uniq_rupert,
          uniq_josephine
Swamp:1:  layout_basic_swamp, evilmike_swamp_ruin_house_5, uniq_louise
Swamp:2:  layout_basic_swamp, ebering_ghost_xom, evilmike_swamp_ruin_house_6,
          swamp_pool1
Swamp:3:  swamp_basic_johnstein, layout_basic_swamp
Shoals:1: layout_shoals, gammafunk_ghost_berserking_beasts, serial_shops, shop,
          shop, nicolae_shop_overgrown_old_shop,
          nicolae_shop_temple_entry_statues_fountains, shop
Shoals:2: cheibrodos_shoals_three_sisters, layout_shoals
Shoals:3: shoals_end_grunt_ice, layout_shoals
Slime:1:  layout_slime_grid, nicolae_slime_phagocytosis
Slime:2:  layout_slime_grid
Slime:3:  layout_slime_grid, nicolae_slime_barrier
Slime:4:  layout_slime_grid, nicolae_slime_crime_time, uniq_dissolution
Slime:5:  slime_pit
Orc:      st_orc_congregation, layout_diamond_mine, minmay_slime_entry_pillars,
          serial_shops, shop, uniq_azrael
Vaults:1: hangedman_vaults_stagger, minmay_crypt_entry_skeletal_spiral,
          nicolae_vaults_what_the_h, hangedman_vaults_stitches, v_misc_17,
          hangedman_vaults_trim, vaults_room_semicircle, v_misc_1,
          hangedman_vaults_locks, nicolae_vaults_little_squares_2,
          kennysheep_vaults_gozag_temple, layout_vaults_maze, serial_shops, shop
Vaults:2: nicolae_vaults_murderbox, v_alt_pattern_2, dpeg_vaults_monster_box,
          ontoclasm_vaults_fault, nicolae_vaults_circle_grid_a, v_alt_pattern_1,
          nicolae_vaults_little_squares_1, hangedman_vaults_slice,
          nicolae_vaults_gold_heap, layout_vaults_omnicross, serial_shops,
          nicolae_shop_competitors_out_of_business
Forest:1: layout_twisted_forest, basic_altar
Forest:2: layout_twisted_forest
Forest:3: grunt_forest_end_winery, layout_twisted_forest
Depths:1: layout_cave_pools, patterned_corridor, hell_entry,
          lemuel_flamethrower_2, serial_bayou_shore_b
Depths:2: cheibrodos_poisonous_passages, layout_small_grid,
          rand_demon_pan_entry_3, infiniplex_staircase_zigzag_5, hell_entry
Depths:3: minmay_the_grid_square_5x5_5x5 [minmay_the_grid_square_5x5_fat_x,
          minmay_the_grid_square_5x5_tetrominoes,
          minmay_the_grid_square_5x5_detours,
          minmay_the_grid_square_5x5_eight_small,
          minmay_the_grid_square_5x5_inner_i,
          minmay_the_grid_square_5x5_minimal,
          minmay_the_grid_square_5x5_prize_gold,
          minmay_the_grid_square_5x5_hollow_slash,
          minmay_the_grid_square_5x5_prize_open,
          minmay_the_grid_square_5x5_broken_cross,
          minmay_the_grid_square_5x5_dogpile,
          minmay_the_grid_square_5x5_misaligned,
          minmay_the_grid_square_5x5_prize_deathbox,
          minmay_the_grid_square_5x5_inverted_slash,
          minmay_the_grid_square_5x5_two_walls_a,
          minmay_the_grid_square_5x5_slash,
          minmay_the_grid_square_5x5_prize_itemx,
          minmay_the_grid_square_5x5_sharp_hourglass,
          minmay_the_grid_square_5x5_prize_pseudospiral,
          minmay_the_grid_square_5x5_bridge, minmay_the_grid_square_5x5_tie,
          minmay_the_grid_square_5x5_bite,
          minmay_the_grid_square_5x5_three_walls,
          minmay_the_grid_square_5x5_inset,
          minmay_the_grid_square_5x5_checkered_sparse], layout_honeycomb,
          pf_hell_entry_tar_spiral, nicolae_elevator_lobby_asterisk,
          abyss_entry, pan_entry, uniq_margery
Depths:4: evilmike_silver_temple, layout_gridville, abyss_entry,
          grunt_decor_resistance, serial_co_window_serial,
          co_window_of_opportunity_a, co_window_paths_a, co_window_paths_a,
          co_window_corner_a, co_window_paths_a, co_window_cross_1,
          co_window_cross_1, co_window_2corner, co_window_broadway_c,
          co_window_corner_b, glass_columns_a, hell_entry, pan_entry
Depths:5: grunt_zot_entry_alcove, layout_cave_shapes, enter_ziggurat_e,
          grunt_hell_entry_dis_mu, serial_co_window_serial, co_window_corner_a,
          co_window_paths_b, co_window_cross_1, co_window_corner_a,
          co_window_of_opportunity_a, co_window_broadway_a,
          co_window_broadway_b, co_window_of_opportunity_b, co_window_2corner,
          rand_demon_pan_entry_7, chequers_serial_rivers_micro_a,
          serial_bayou_shore_b
Zot:1:    layout_twisted_circle, gammafunk_ghost_mausoleum
Zot:2:    layout_misc_corridors, bh_zot_lava_cross, regret_index_zotdec_bone_old
Zot:3:    layout_concentric_octagons, regret_index_zotdec_barnacled_alternative
Zot:4:    layout_misc_corridors, regret_index_zotdec_iron_s
Zot:5:    layout_twisted_circle

Table legend:
 A = Turns spent in this place as a percentage of turns spent in the entire game.
 B = Non-inter-level travel turns spent in this place as a percentage of non-inter-level travel turns spent in the entire game.
 C = Inter-level travel turns spent in this place as a percentage of turns spent in this place.
 D = Turns resting spent in this place as a percentage of non-inter-level travel turns spent in this place.
 E = Turns spent auto-exploring this place as a percentage of non-inter-level travel turns spent in this place.
 F = Non-inter-level travel turns spent in this place divided by the number of levels of this place that you've seen.
                   A       B       C       D       E      F
               +-------+-------+-------+-------+-------+----------------------
         Total | 100.0 | 100.0 |   7.3 |  34.5 |  47.6 | 1574.7
       Dungeon |  23.6 |  22.8 |  10.5 |  23.6 |  55.3 | 1407.0
        Temple |   0.1 |   0.1 |  29.6 |   0.0 |  85.5 |  76.0
          Lair |  18.2 |  17.4 |  11.5 |  42.2 |  42.2 | 2144.0
         Swamp |   3.1 |   3.0 |   8.4 |  13.1 |  70.1 | 746.0
        Shoals |   7.1 |   7.3 |   3.5 |  43.7 |  36.7 | 1812.7
    Slime Pits |   3.0 |   3.1 |   5.8 |  49.9 |  25.4 | 456.4
  Orcish Mines |   3.6 |   3.7 |   4.1 |  45.0 |  27.4 | 2747.0
        Vaults |   4.5 |   4.5 |   6.0 |   8.1 |  73.2 | 1680.0
Spriggan Forest |   7.7 |   8.0 |   3.0 |  23.0 |  61.1 | 1981.7
        Depths |  15.2 |  15.4 |   5.8 |  33.9 |  50.8 | 2280.8
           Zot |  13.1 |  13.7 |   3.7 |  54.2 |  31.9 | 2021.8
         Sewer |   0.8 |   0.9 |   0.0 |  18.3 |  55.7 | 666.0
               +-------+-------+-------+-------+-------+----------------------

Table legend:
 A = Kills in this place as a percentage of kills in entire the game.
 B = Kills by you in this place as a percentage of kills by you in the entire game.
 C = Kills by friends in this place as a percentage of kills by friends in the entire game.
 D = Other kills in this place as a percentage of other kills in the entire game.
 E = Experience gained in this place as a percentage of experience gained in the entire game.
 F = Experience gained in this place divided by the number of levels of this place that you have seen.
                   A       B       C       D       E      F
               +-------+-------+-------+-------+-------+----------------------
         Total | 100.0 | 100.0 | 100.0 | 100.0 | 100.0 | 28118.1
       Dungeon |  19.0 |  18.9 |  80.0 |   0.0 |   4.1 | 4538.2
          Lair |  11.0 |  11.0 |   0.0 |   0.0 |   4.4 | 9725.3
         Swamp |   7.1 |   7.2 |   0.0 |   0.0 |   5.0 | 22125.0
        Shoals |   7.0 |   7.0 |   0.0 |   0.0 |   6.0 | 26430.0
    Slime Pits |   4.0 |   4.0 |   0.0 |   0.0 |   5.3 | 13901.4
  Orcish Mines |   7.0 |   7.0 |   0.0 |   0.0 |   1.3 | 17438.0
        Vaults |   9.9 |   9.9 |   0.0 |  25.0 |   9.0 | 59262.0
Spriggan Forest |   8.5 |   8.5 |   0.0 |   0.0 |   8.8 | 38570.3
        Depths |  15.1 |  15.0 |   0.0 |  50.0 |  23.0 | 60806.6
           Zot |  10.4 |  10.4 |   0.0 |  25.0 |  33.1 | 87539.4
         Sewer |   0.9 |   0.9 |  20.0 |   0.0 |   0.0 | 165.0
               +-------+-------+-------+-------+-------+----------------------
